 Dungeon Crawl Stone Soup version 0.26.0-7-g794d0892b4 (webtiles) character file.

Game seed: 16747290460917562625

1878 vvl the Grave Robber (level 8, -3/75 HPs)
             Began as a Troll Hedge Wizard on Jan 12, 2021.
             Slain by a killer bee (5 damage)
             ... on level 6 of the Dungeon.
             The game lasted 00:24:44 (7302 turns).

vvl the Grave Robber (Troll Hedge Wizard)           Turns: 7302, Time: 00:24:45

Health: -3/75      AC:  5    Str: 19      XL:     8   Next: 91%
Magic:  10/10      EV:  9    Int: 12      God:
Gold:   91         SH:  0    Dex:  4 (9)  Spells: 10/11 levels left

rFire    . . .     SeeInvis .   (no weapon)
rCold    + . .     Faith    .   (no shield)
rNeg     + . .     Spirit   .   (armour restricted)
rPois    .         Reflect  .   c - +1 hat
rElec    .         Harm     .   y - scarf {shadows}
rCorr    .         Rampage  .   (gloves unavailable)
Will     .....                  (boots unavailable)
Stlth    +.........             (no amulet)
HPRegen  0.62/turn              d - ring of positive energy
MPRegen  0.12/turn              a - ring of protection from cold

@: lethally poisoned (-3 -> -4)
A: large, unfitting armour, claws 3, regeneration 1, shaggy fur 1, tough skin 3
a: no special abilities


You were on level 6 of the Dungeon.
You visited 2 branches of the dungeon, and saw 8 of its levels.

You collected 256 gold pieces.
You spent 165 gold pieces at shops.

Inventory:

Armour
 c - a +1 hat (worn)
 r - a +0 cloak
 y - a scarf of shadows (worn)
Jewellery
 a - a ring of protection from cold (right claw)
 d - a ring of positive energy (left claw)
 k - an uncursed ring of resist corrosion
Wands
 j - a wand of flame (12)
 z - a wand of enslavement (6)
Scrolls
 b - 2 scrolls of blinking
 f - 3 scrolls of teleportation
 g - 5 scrolls of enchant armour
 h - 2 scrolls of amnesia
 i - 3 scrolls of fear
 l - a scroll of magic mapping {unknown}
 o - a scroll of fog {unknown}
 p - 2 scrolls of remove curse
 s - a scroll of immolation {unknown}
Potions
 m - 3 potions of haste
 n - a potion of heal wounds {unknown}
 q - 3 potions of attraction
 t - a potion of lignification {unknown}
 v - a potion of flight {unknown}
 w - a potion of curing


   Skills:
 + Level 3.3 Fighting
 + Level 3.3 Armour
 - Level 1.5 Dodging
 - Level 1.0 Stealth
 + Level 3.4 Shields
 - Level 2.0 Spellcasting
 - Level 0.6 Conjurations
 - Level 0.6 Summonings
 * Level 5.1 Necromancy
 + Level 3.2 Translocations
 + Level 3.0 Evocations


You had 10 spell levels left.
You knew the following spells:

 Your Spells              Type           Power        Failure   Level
a - Magic Dart            Conj           4%           22%         1

Your spell library contained the following spells:

 Spells                   Type           Power        Failure   Level
 Blink                    Tloc           N/A          11%         2
 Call Imp                 Summ           1%           32%         2
 Searing Ray              Conj           2%           32%         2
 Slow                     Hex            0%           38%         2
 Conjure Flame            Conj/Fire      0%           58%         3
 Dazzling Flash           Conj/Hex       0%           58%         3
 Mephitic Cloud           Conj/Pois/Air  0%           58%         3
 Iskenderun's Mystic Bla  Conj/Tloc      2%           77%         4
 Fulminant Prism          Conj/Hex       0%           94%         4


Dungeon Overview and Level Annotations

Branches:
Dungeon (7/15)             Temple (1/1) D:5

Altars:
Ashenzari
Cheibriados
Dithmenos
Elyvilon
Fedhas
Gozag
Makhleb
Nemelex Xobeh
Okawaru
Qazlal
Ru
Sif Muna
Trog
Uskayaw
Wu Jian
Xom
Yredelemnul
Zin
The Shining One

Shops:
D:6 !

Annotations:
D:3 2 transporters, dolemite99's ghost, weakling GnIE
D:7 Joseph


Innate Abilities, Weirdness & Mutations

You are too large for most types of armour.
You have claws for hands.
Your natural rate of healing is unusually fast.
You are covered in fur. (AC +1)
You have extremely tough skin. (AC +3)


Message History

Press: ? - help, Shift-Dir - straight line, f - killer bee
Aim: a killer bee (heavily wounded, chance to affect: 63%)
The killer bee is charmed.
You feel sick.
The killer bee completely misses your killer bee. x2
You feel sick.
The killer bee barely misses your killer bee.
The killer bee completely misses your killer bee.
You feel sick. The killer bee misses your killer bee.
The killer bee stings your killer bee but does no damage.
Your killer bee closely misses the killer bee.
The killer bee completely misses your killer bee.
Your killer bee misses the killer bee.
The killer bee stings your killer bee.
Your killer bee misses the killer bee.
You feel sick. The killer bee stings your killer bee.
Your killer bee dies!
The killer bee looks stronger.
You miss the killer bee. The killer bee stings you.
* * * LOW HITPOINT WARNING * * *
The killer bee stings you.
You die...

#.# ####.#
#.##.##### #.# #.#
#.##.#...# #.#
#####'####.#....#.##
#.#
#.......##.#..#.#...
#.#
#..>................
#.#
#...."..##..∩.).....
#.#
###'######.#.#######
#.####
#y######.#.#......
#....#
#@##.....#.#.###..
####.#
#.##.....#.#.#.#..
#.#
#.................
#.#
##[#....####......
#.# #.#....# #......
#.# #.#....# ##.....
#.# ##'#....# #...(.
#.####.....###
#..... #..........#
#.....


You could see a killer bee.

Vanquished Creatures
  Prince Ribbit (D:6)
  Edmund (D:6)
  3 ogres
  An ice beast (D:6)
  2 phantoms
  A bullfrog (D:2)
  2 scorpions
  A howler monkey (D:5)
  A bullfrog zombie (D:5)
  A centaur zombie (D:5)
  A quasit (D:6)
  2 jellies (D:6)
  3 hounds
  2 orc wizards
  Crazy Yiuf (D:4)
  2 orc priests (D:3)
  Natasha (thrice) (D:2)
  4 worker ants
  A hound skeleton (D:6)
  Robin (D:3)
  3 gnolls
  6 adders
  A shadow imp (D:5)
  A white imp (D:6)
  2 ufetubi (D:6)
  3 worms
  5 leopard geckos
  20 orcs
  4 giant cockroaches
  15 goblins
  13 hobgoblins
  7 jackals
  3 quokkas
  2 ball pythons
  5 bats
  5 frilled lizards
  A jackal skeleton (D:4)
  8 kobolds
  A leopard gecko zombie (D:5)
  7 rats
146 creatures vanquished.

Vanquished Creatures (others)
  2 killer bees
  A quokka (D:2)
  A frilled lizard (D:2)
4 creatures vanquished.

Grand Total: 150 creatures vanquished

Notes
Turn   | Place    | Note
-------+----------+-------------------------------------------
     0 | D:1      | vvl the Troll Hedge Wizard began the quest for the Orb.
     0 | D:1      | Reached XP level 1. HP: 16/16 MP: 2/2
   237 | D:1      | Reached XP level 2. HP: 18/24 MP: 4/4
   865 | D:2      | Reached skill level 1 in Necromancy
   876 | D:2      | Reached skill level 1 in Translocations
   941 | D:2      | Reached XP level 3. HP: 25/32 MP: 5/5
  1051 | D:2      | Noticed Natasha
  1060 | D:2      | Killed Natasha
  1068 | D:2      | Reached XP level 4. HP: 27/40 MP: 6/6
  1075 | D:2      | Reached skill level 1 in Fighting
  1079 | D:2      | Reached skill level 1 in Shields
  1155 | D:2      | Noticed a bullfrog
  1182 | D:2      | HP: 2/41 [bullfrog (7)]
  1184 | D:2      | Killed a bullfrog
  1185 | D:2      | Reached skill level 1 in Armour
  1185 | D:2      | Reached skill level 1 in Evocations
  1185 | D:2      | Reached XP level 5. HP: 3/48 MP: 7/7
  1421 | D:2      | Found a white marble altar of Elyvilon.
  1421 | D:2      | Noticed Natasha
  1428 | D:2      | Killed Natasha
  1429 | D:2      | Reached skill level 2 in Necromancy
  1508 | D:2      | Noticed Natasha
  1521 | D:2      | Killed Natasha
  1595 | D:2      | Found a faded altar of an unknown god.
  1842 | D:3      | Found a transporter.
  1850 | D:3      | Noticed dolemite99's ghost (weakling GnIE)
  1870 | D:3      | Found a transporter.
  1945 | D:3      | Noticed Robin
  2200 | D:3      | Reached XP level 6. HP: 33/55 MP: 8/8
  2216 | D:3      | Killed Robin
  3024 | D:3      | Reached skill level 3 in Necromancy
  3102 | D:3      | Reached XP level 7. HP: 10/65 MP: 9/9
  3105 | D:3      | HP: 3/65 [poisoned by a scorpion]
  3353 | D:4      | Found a runed translucent door.
  3354 | D:4      | Noticed Crazy Yiuf
  3368 | D:4      | Killed Crazy Yiuf
  3389 | D:4      | HP: 3/65 [poisoned by Crazy Yiuf]
  3394 | D:4      | HP: 3/65 [poisoned by Crazy Yiuf]
  3618 | D:4      | Found a broken altar of Ashenzari.
  3653 | D:4      | Found a white marble altar of Elyvilon.
  3653 | D:4      | Found a basalt altar of Yredelemnul.
  3656 | D:4      | Found a shimmering altar of Xom.
  3656 | D:4      | Found a white marble altar of Elyvilon.
  3656 | D:4      | Found a hide-covered altar of Uskayaw.
  3945 | D:5      | Entered Level 5 of the Dungeon
  3987 | D:5      | Found a staircase to the Ecumenical Temple.
  4105 | Temple   | Entered the Ecumenical Temple
  5407 | D:6      | Found Kittean's Distillery.
  5431 | D:6      | Reached skill level 4 in Necromancy
  5431 | D:6      | Reached XP level 8. HP: 36/74 MP: 10/10
  5566 | D:6      | Bought a potion of curing for 45 gold pieces
  5566 | D:6      | Bought a potion of curing for 45 gold pieces
  5566 | D:6      | Bought a potion of berserk rage for 75 gold pieces
  6043 | D:6      | Noticed Edmund
  6082 | D:6      | Killed Edmund
  6624 | D:7      | Noticed Joseph
  6641 | D:6      | HP: 2/75 [acid (8)]
  6782 | D:7      | Noticed Prince Ribbit
  7091 | D:6      | Killed Prince Ribbit
  7092 | D:6      | Reached skill level 5 in Necromancy
  7302 | D:6      | HP: 2/75 [killer bee (6)]
  7302 | D:6      | Slain by a killer bee

Illustrated notes

Levels and vault maps discovered:
D:1:      lightli_arrival_lavapool, layout_basic, serial_corexii_hall,
          corexii_hall_statues_x, corexii_hall_statues_l, minivault_25
D:2:      layout_loops_cross, chequers_ecumenical_altar_island,
          elyvilon_altar_4, uniq_natasha
D:3:      layout_loops_ring, gammafunk_ghost_arena, minmay_distorted, uniq_robin
D:4:      layout_basic, doesnt_xom_only_xom, uniq_crazy_yiuf_cottage
D:5:      layout_loops_corners, minmay_temple_entry_poolview,
          chequers_decorated_corner
D:6:      layout_basic, serial_shops, shop, uniq_edmund
D:7:      layout_cave_pools, chequers_serial_rivers_large_b,
          lemuel_old_faithful, uniq_joseph, uniq_prince_ribbit1, uniq_menkaure
Temple:   minmay_crystal_spiral_temple

Skill      XL: |  1  2  3  4  5  6  7  8 |
---------------+-------------------------+-----
Necromancy     | 1 2 3 4 5 |  5.1
Translocations | 1 2 3 |  3.2
Fighting       | 1 2 3 |  3.3
Shields        | 1 2 3 |  3.4
Armour         | 1 2 3 |  3.3
Evocations     | 1 2 3 |  3.0
Dodging        | |  1.5
Stealth        | |  1.0
Spellcasting   | |  2.0
Conjurations   | |  0.6
Summonings     | |  0.6

Action                   |  1- 3 |  4- 6 |  7- 9 || total
-------------------------+-------+-------+-------++-------
Melee: Unarmed           |   109 |   282 |   387 ||   778
Evoke: Wand              |       |       |     1 ||     1
  Use: Scroll            |       |     1 |     8 ||     9
       Potion            |       |       |     5 ||     5
 Stab: Sleeping          |     1 |     2 |     1 ||     4
Armor: Skin              |    26 |    76 |   133 ||   235
Dodge: Dodged            |    44 |   162 |   234 ||   440
